 Dungeon Crawl Stone Soup version 0.23.2-30-g0e89c35649 (webtiles) character file.

Game seed: 8057640142841470440

6 MalarOregon the Digger (level 1, -1/14 HPs)
             Began as a Ghoul Earth Elementalist on June 10, 2019.
             Slain by a kobold
             ... wielding a +0 short sword
              (4 damage)
             ... on level 1 of the Dungeon on June 12, 2019.
             The game lasted 00:01:23 (355 turns).

MalarOregon the Digger (Ghoul Earth Elementalist)    Turns: 355, Time: 00:01:23

Health: -1/14      AC:  2    Str: 11    XL:     1   Next: 90%
Magic:  2/2        EV: 12    Int: 10    God:
Gold:   0          SH:  0    Dex:  9    Spells: 2/3 levels left

rFire    . . .     SeeInvis .   (no weapon)
rCold    + . .     Gourm    .   (no shield)
rNeg     + + +     Faith    .   c - +0 robe
rPois    ∞         Spirit   .   (no helmet)
rElec    .         Reflect  .   (no cloak)
rCorr    .         Harm     .   (no gloves)
MR       .....                  (no boots)
Stlth    ++........             (no amulet)
HPRegen  0.00/turn              (no ring)
MPRegen  0.08/turn              (no ring)

@: rotting
A: rotting body, claws 1, carnivore, cold resistance 1, negative energy
resistance 3, inhibited regeneration, torment resistance, unbreathing
a: no special abilities


You were on level 1 of the Dungeon.
You were not hungry.

You visited 1 branch of the dungeon, and saw 1 of its levels.

Inventory:

Missiles
 b - 30 stones (quivered)
Armour
 c - a +0 robe (worn)
Comestibles
 e - 2 rations {!d}


   Skills:
 + Level 0.2 Fighting
 + Level 0.2 Armour
 + Level 1.8 Dodging
 + Level 2.3 Stealth
 + Level 1.8 Spellcasting
   Level 0.8 Transmutations
 * Level 3.4 Earth Magic


You had 2 spell levels left.
You knew the following spells:

 Your Spells              Type           Power        Failure   Level  Hunger
a - Sandblast             Erth           #.....       8%          1    ##.....

Your spell library contained the following spells:

 Spells                   Type           Power        Failure   Level  Hunger
 Passwall                 Tmut/Erth      #.......     21%         2    ###....
 Stone Arrow              Conj/Erth      #.....       43%         3    ####...
 Petrify                  Tmut/Erth      #.......     78%         4    #####..
 Lee's Rapid Deconstruct  Erth           #.........   91%         5    ######.


Dungeon Overview and Level Annotations

Branches:
Dungeon (1/15)

Altars:


Innate Abilities, Weirdness & Mutations

Your body is rotting away.
You thrive on raw meat.
You are immune to poison.
You have sharp fingernails.
You are carnivorous and can eat meat at any time.
Your flesh is cold resistant. (rC+)
You are immune to negative energy. (rN+++)
You do not regenerate when monsters are visible.
You are immune to unholy pain and torment.
You can survive without breathing.


Message History

You butcher the frilled lizard corpse.
a - a chunk of flesh You see here a frilled lizard skeleton. x2
A goblin comes into view. It is wielding a +0 dagger.
A goblin is nearby!
A bat and a kobold come into view.
Found a plate armour and a scroll labeled IXZOLO FEFARAO.
A bat and a kobold come into view.
You feel your flesh rotting away.
The goblin shouts!
The kobold shouts!
The bat misses you.
You scratch the bat. The bat hits you. The bat barely misses you.
You scratch the bat.
You kill the bat!
The bat closely misses you. x2
You barely miss the bat. The bat closely misses you.
The bat hits you but does no damage.
You scratch the bat but do no damage. The bat hits you but does no damage.
The bat closely misses you.
You scratch the bat. The bat hits you.
You barely miss the bat. The bat misses you. The bat closely misses you.
You closely miss the bat. The bat hits you but does no damage.
You scratch the bat.
You kill the bat!
You scratch the goblin but do no damage.
The goblin barely misses you.
You scratch the goblin. The goblin barely misses you.
You barely miss the goblin. The goblin closely misses you.
You closely miss the goblin. The goblin hits you with a +0 dagger.
You scratch the goblin.
You kill the goblin!
The kobold throws a stone.
The stone hits you.
* * * LOW HITPOINT WARNING * * *
Eat a chunk of flesh? (ye/n/q)
You eat the chunk of flesh.
You feel more resilient.
This raw flesh tastes great!
The kobold throws a stone.
The stone hits you.
Okay, then.
The kobold hits you but does no damage.
Things that are here:
a +0 dagger; a bat corpse x2
You barely miss the kobold. The kobold closely misses you.
You scratch the kobold but do no damage.
The kobold hits you but does no damage.
You scratch the kobold but do no damage.
The kobold hits you with a +0 short sword.
* * * LOW HITPOINT WARNING * * *
You barely miss the kobold. The kobold closely misses you.
You scratch the kobold.
The kobold hits you with a +0 short sword.
You die...

#.....?...b.# #...........
#.......... #.........
#[.......# .........#
.....K..K# .# ....####K# .#
. #@# #.########
#(#######.##......
#######.#.......#.......
#.......#.......#.....##
####÷#######.......#....##
#....# #.......#...##
#....#######.......#..## .
#..........'.......#.##....
#.......####...............


You could see 2 kobolds.

Vanquished Creatures
  A goblin (D:1)
  A hobgoblin (D:1)
  3 bats (D:1)
  A frilled lizard (D:1)
6 creatures vanquished.

Notes
Turn   | Place    | Note
-------+----------+-------------------------------------------
     0 | D:1      | MalarOregon the Ghoul Earth Elementalist began the quest
                  | for the Orb.
     0 | D:1      | Reached XP level 1. HP: 14/14 MP: 2/2
   355 | D:1      | Slain by a kobold

Action                   || total
-------------------------++-------
Melee: Unarmed           ||    39
  Eat: Chunk             ||     1
Armor: Robe              ||     9
Dodge: Dodged            ||    29
